 Dungeon Crawl Stone Soup version 0.23.2-40-g277498a001 (webtiles) character file.

Game seed: 12772765354171251360

10537 KamiKatze the Impaler (level 11, -12/89 HPs)
             Began as a Merfolk Gladiator on Sept 6, 2019.
             Was a High Priest of Okawaru.
             Mangled by a minotaur
             ... wielding a +0 falchion
              (27 damage)
             ... in a Gauntlet on Sept 7, 2019.
             The game lasted 00:55:30 (12946 turns).

KamiKatze the Impaler (Merfolk Gladiator)          Turns: 12946, Time: 00:55:31

Health: -12/89     AC: 22    Str: 19    XL:     11   Next: 63%
Magic:  9/14       EV: 10    Int:  9    God:    Okawaru [*****.]
Gold:   621        SH:  0    Dex: 18    Spells: 9/10 levels left

rFire    . . .     SeeInvis +   a - +2 halberd
rCold    + . .     Gourm    +   (shield currently unavailable)
rNeg     + . .     Faith    .   K - +0 plate armour
rPois    +         Spirit   .   c - +0 helmet
rElec    .         Reflect  .   b - +0 cloak {rPois}
rCorr    .         Harm     .   V - +1 pair of gloves {Dex+3}
MR       .....     NoTele   +   (no boots)
Stlth    ..........             h - amulet of Ymeoga {Gourm rC+ Str+2 SInv}
HPRegen  0.24/turn              u - +5 ring of protection
MPRegen  0.14/turn              A - ring of positive energy

@: finesse
A: change form in water, swift swim, stealthy swim
a: Heroism, Finesse, Renounce Religion


You were in a Gauntlet.
You worshipped Okawaru.
Okawaru was extremely pleased with you.
You were very full.

You visited 2 branches of the dungeon, and saw 12 of its levels.
You also visited: Gauntlet.

You collected 621 gold pieces.

Inventory:

Hand Weapons
 a - a +2 halberd (weapon)
 q - a +0 blowgun
 w - a +0 trident
Missiles
 d - 3 throwing nets
 k - 337 stones
 n - 3 needles of confusion
 p - 3 curare-tipped needles
 r - 4 tomahawks
 M - 3 exploding tomahawks (quivered)
 O - 7 poisoned needles
 S - 4 javelins
Armour
 b - a +0 cloak of poison resistance (worn)
 c - a +0 helmet (worn)
 H - a scarf of resistance
 I - a +2 cloak
 K - a +0 plate armour (worn)
 R - +0 acid dragon scales
 V - a +1 pair of gloves of dexterity (worn)
Jewellery
 h - the amulet of Ymeoga (around neck) {Gourm rC+ Str+2 SInv}
   (You found it on level 4 of the Dungeon)

   [amulet of the gourmand]

   It allows you to eat raw meat even when not hungry.
   It affects your strength (+2).
   It protects you from cold.
   It lets you see invisible.
 u - a +5 ring of protection (left hand)
 y - an uncursed ring of wizardry
 A - a ring of positive energy (right hand)
 U - the amulet "Ruasehu" {Acrobat rPois}
   (You found it in a Gauntlet)

   [amulet of the acrobat]

   It helps you evade while moving and waiting.
   It protects you from poison.
Wands
 x - a wand of enslavement (11)
 N - a wand of digging (6)
Scrolls
 e - 5 scrolls of remove curse
 o - a scroll of amnesia
 s - 6 scrolls of teleportation
 D - a scroll of enchant weapon {unknown}
 F - 2 scrolls of fear
 G - a scroll of immolation {unknown}
 J - 3 scrolls of identify
 L - a scroll of enchant armour {unknown}
 Q - 4 scrolls of fog
Potions
 g - 3 potions of brilliance
 i - 2 potions of lignification
 j - a potion of magic
 l - a potion of curing
 m - a potion of cancellation
 t - 2 potions of flight
 z - a potion of heal wounds
 C - 2 potions of agility
 E - a potion of might
 P - a potion of mutation
Miscellaneous
 B - a lamp of fire
Comestibles
 f - 27 rations


   Skills:
 + Level 9.2 Fighting
 * Level 16.0 Polearms
 + Level 5.1 Throwing
 * Level 5.1 Armour
 + Level 7.5 Dodging
 + Level 5.1 Invocations
 - Level 2.0 Evocations


You had 9 spell levels left.
You knew the following spells:

 Your Spells              Type           Power        Failure   Level  Hunger
a - Summon Butterflies    Summ           #.......     100%        1    ##.....

Your spell library contained the following spells:

 Spells                   Type           Power        Failure   Level  Hunger
 Beastly Appendage        Tmut           #.....       100%        1    ##.....
 Confusing Touch          Hex            #.....       100%        1    ##.....
 Infusion                 Chrm           #...         100%        1    ##.....
 Shroud of Golubria       Chrm/Tloc      #.........   100%        2    ###....
 Song of Slaying          Chrm           #.......     100%        2    ###....
 Sticks to Snakes         Tmut           #.......     100%        2    ###....
 Call Canine Familiar     Summ           #.......     100%        3    ####...
 Confuse                  Hex            #.......     100%        3    ####...
 Gell's Gravitas          Tloc           #.........   100%        3    ####...
 Regeneration             Chrm/Necr      #.........   100%        3    ####...
 Spectral Weapon          Hex/Chrm       #.......     100%        3    ####...
 Spider Form              Tmut/Pois      #.........   100%        3    ####...
 Ice Form                 Ice/Tmut       #.......     100%        4    #####..
 Petrify                  Tmut/Erth      #.......     100%        4    #####..
 Summon Ice Beast         Ice/Summ       #.......     100%        4    #####..
 Blade Hands              Tmut           #.........   100%        5    ######.
 Bolt of Magma            Conj/Fire/Erth #.........   100%        5    ######.
 Iskenderun's Battlesphe  Conj/Chrm      #.......     100%        5    ######.
 Metabolic Englaciation   Hex/Ice        #.........   100%        5    ######.
 Summon Mana Viper        Hex/Summ       #.......     100%        5    ######.
 Venom Bolt               Conj/Pois      #.........   100%        5    ######.
 Yara's Violent Unravell  Hex/Tmut       #.........   100%        5    ######.
 Iron Shot                Conj/Erth      #.........   100%        6    #######
 Orb of Destruction       Conj           #.........   100%        7    #######
 Spellforged Servitor     Conj/Summ      #.........   100%        7    #######
 Summon Hydra             Summ           #.........   100%        7    #######


Dungeon Overview and Level Annotations

Branches:
Dungeon (11/15)            Temple (1/1) D:5            Lair (0/6) D:10
    Orc: D:9-12

Altars:
Ashenzari
Cheibriados
Dithmenos
Elyvilon
Fedhas
Gozag
Hepliaklqana
Kikubaaqudgha
Makhleb
Nemelex Xobeh
Okawaru
Qazlal
Ru
Sif Muna
Trog
Uskayaw
Vehumet
Wu Jian
Xom
Yredelemnul
Zin
The Shining One

Shops:
D:8 (

Annotations:
D:6 loot behind transparent wall w:0
D:7 2 runed translucent doors, Exodus22XD's ghost, novice DDFi Gauntlet 4 transporters


Message History

You barely miss the minotaur.
The minotaur furiously retaliates!
The minotaur headbutts you!
* * * LOW HITPOINT WARNING * * *
The minotaur is severely wounded.
You hit the minotaur but do no damage.
The minotaur is severely wounded.
You hit the minotaur.
The minotaur is severely wounded.
The minotaur hits you with a +0 falchion!
* * * LOW HITPOINT WARNING * * *
The minotaur gores you.
* * * LOW HITPOINT WARNING * * *
You hit the minotaur.
The minotaur is severely wounded.
You hit the minotaur.
The minotaur is severely wounded.
You slash the minotaur!
The minotaur is almost dead.
The minotaur hits you with a +0 falchion!!
You die...

##+### #.⌠..# #...⌠+ +⌠... ..∩
#.# #######H#######
#.....@((.....# #.###.###.###.#
#.............# ###.###.###.###
#####.###.###.#####
#≈...............§#
####8§8.8..©.©..8.8.8#### ##
#8##§....[..........≈##8# #8
###############################


You could see a minotaur.

Vanquished Creatures
  Erolcha (D:10)
  A sixfirhy (Gauntlet)
  An unseen horror (D:9)
  Pikel (D:4)
  An oklob plant (Gauntlet)
  A troll (D:6)
  3 hippogriffs
  A raiju (Gauntlet)
  Sigmund (D:6)
  2 wyverns (D:9)
  4 small abominations (Gauntlet)
  3 hungry ghosts
  2 steam dragons (Gauntlet)
  Grum (D:9)
  3 wargs (D:10)
  2 acid dragons (Gauntlet)
  4 orc warriors
  5 ice beasts
  2 black bears
  A sky beast (D:8)
  A phantom (D:6)
  A slave (D:3)
  A necrophage (D:7)
  3 wolves (D:9)
  7 ogres
  5 centaurs
  A crocodile (D:9)
  2 big kobolds
  4 bullfrogs
  2 scorpions
  A howler monkey (D:5)
  3 wights (D:6)
  An electric eel (D:10)
  3 crimson imps
  2 quasits
  12 orc priests
  4 hounds
  9 orc wizards
  Crazy Yiuf (D:3)
  2 jellies
  A bullfrog skeleton (D:10)
  An iguana (D:9)
  8 worker ants
  A hound zombie (D:9)
  A worker ant zombie (D:5)
  3 gnolls (D:6)
  A howler monkey skeleton (D:5)
  11 adders
  3 shadow imps
  3 ufetubi (Gauntlet)
  4 oozes
  An adder zombie (D:8)
  An adder skeleton (D:4)
  5 worms
  5 dart slugs
  A leopard gecko (D:5)
  47 orcs
  2 ball pythons (D:6)
  6 giant cockroaches
  8 goblins
  5 hobgoblins
  2 jackals (D:2)
  17 kobolds
  4 quokkas
  7 bats
  3 frilled lizards
  A leopard gecko skeleton (D:5)
  5 rats
262 creatures vanquished.

Vanquished Creatures (others)
  A sky beast (D:8)
  3 fungi (Gauntlet)
  5 plants (Gauntlet)
9 creatures vanquished.

Grand Total: 271 creatures vanquished

Notes
Turn   | Place    | Note
-------+----------+-------------------------------------------
     0 | D:1      | KamiKatze the Merfolk Gladiator began the quest for the
                  | Orb.
     0 | D:1      | Reached XP level 1. HP: 16/16 MP: 1/1
   162 | D:1      | Reached skill level 5 in Polearms
   162 | D:1      | Reached XP level 2. HP: 10/23 MP: 2/2
   355 | D:1      | Found a shimmering altar of Xom.
   357 | D:1      | Found an ancient bone altar of Kikubaaqudgha.
   357 | D:1      | Found a basalt altar of Yredelemnul.
   359 | D:1      | Found a shadowy altar of Dithmenos.
   359 | D:1      | Found a burning altar of Makhleb.
   359 | D:1      | Found a blossoming altar of Fedhas.
   694 | D:2      | Reached XP level 3. HP: 24/28 MP: 3/3
  1127 | D:2      | Reached skill level 6 in Polearms
  1308 | D:2      | Reached XP level 4. HP: 35/35 MP: 4/4
  1911 | D:3      | Found a hazy altar of Hepliaklqana.
  1911 | D:3      | Found a bloodstained altar of Trog.
  1968 | D:3      | Reached skill level 7 in Polearms
  1978 | D:3      | Reached XP level 5. HP: 39/42 MP: 5/5
  2182 | D:3      | Found a runed translucent door.
  2183 | D:3      | Noticed Crazy Yiuf
  2190 | D:3      | Killed Crazy Yiuf
  2224 | D:3      | You fall through a shaft for 2 floors!
  2224 | D:5      | Entered Level 5 of the Dungeon
  2224 | D:5      | Noticed a centaur
  2234 | D:5      | Killed a centaur
  2234 | D:5      | Reached skill level 8 in Polearms
  2234 | D:5      | Reached XP level 6. HP: 21/48 MP: 6/6
  2301 | D:5      | Reached skill level 9 in Polearms
  2388 | D:5      | Reached XP level 7. HP: 28/55 MP: 7/7
  2808 | D:3      | Found a white marble altar of Elyvilon.
  2808 | D:3      | Found an ornate altar of the Wu Jian Council.
  2887 | D:3      | Reached skill level 5 in Fighting
  3125 | D:3      | Found a blossoming altar of Fedhas.
  3216 | D:4      | Got a shimmering pewter amulet
  3223 | D:4      | Identified the amulet of Ymeoga {Gourm rC+ Str+2 SInv} (You
                  | found it on level 4 of the Dungeon)
  3321 | D:4      | Reached skill level 10 in Polearms
  3410 | D:4      | Noticed Pikel
  4147 | D:4      | Killed Pikel
  4147 | D:4      | Reached skill level 12 in Polearms
  4147 | D:4      | Reached XP level 8. HP: 52/65 MP: 8/8
  4180 | D:4      | Found a glowing golden altar of the Shining One.
  4439 | D:5      | Noticed a +0 dagger
  4439 | D:5      | Noticed a +0 hand axe
  4440 | D:5      | Found a hide-covered altar of Uskayaw.
  4515 | D:5      | Noticed a yak
  4629 | D:5      | Found a staircase to the Ecumenical Temple.
  4634 | Temple   | Entered the Ecumenical Temple
  4737 | Temple   | Became a worshipper of Warmaster Okawaru
  4954 | D:6      | Reached skill level 13 in Polearms
  4954 | D:6      | Reached XP level 9. HP: 64/72 MP: 9/9
  4959 | D:6      | Noticed a troll
  5110 | D:6      | Reached * piety under Okawaru
  5482 | D:6      | Noticed Sigmund
  5509 | D:6      | HP: 2/72 [orc/+0 hand axe (6)]
  5829 | D:6      | Killed a troll
  5829 | D:6      | Reached skill level 1 in Armour
  5829 | D:6      | Reached skill level 1 in Invocations
  6453 | D:6      | Found a shattered altar of Ashenzari.
  6527 | D:6      | Learned a level 1 spell: Summon Butterflies
  6631 | D:6      | Killed Sigmund
  6730 | D:7      | Reached skill level 14 in Polearms
  6772 | D:7      | Found a large runed translucent door.
  6773 | D:7      | Found a large runed translucent door.
  6776 | D:7      | Noticed Exodus22XD's ghost (novice DDFi)
  6828 | D:7      | Reached skill level 5 in Dodging
  7022 | D:7      | Reached ** piety under Okawaru
  7409 | D:8      | Reached XP level 10. HP: 80/80 MP: 10/12
  7713 | D:8      | Found Naruck's Antique Weapon Emporium.
  8023 | D:8      | Reached *** piety under Okawaru
  8711 | D:9      | Noticed Grum
  8756 | D:8      | Reached skill level 15 in Polearms
  9032 | D:9      | Reached **** piety under Okawaru
  9105 | D:9      | Found a snail-covered altar of Cheibriados.
  9231 | D:10     | Entered Level 10 of the Dungeon
  9231 | D:10     | Noticed an unseen horror
  9271 | D:9      | Killed an unseen horror
  9271 | D:9      | Reached XP level 11. HP: 34/87 MP: 14/14
  9509 | D:10     | Reached skill level 1 in Evocations
  9689 | D:9      | Killed Grum
 10140 | D:10     | Found a staircase to the Lair.
 10432 | D:10     | Noticed Erolcha
 10442 | D:10     | Killed Erolcha
 10442 | D:10     | Reached ***** piety under Okawaru
 10816 | D:11     | Found a gate leading to a gauntlet.
 10823 | Gauntlet | Entered a Gauntlet
 10823 | Gauntlet | Found a transporter.
 10823 | Gauntlet | Found a transporter.
 10841 | Gauntlet | Found a transporter.
 10843 | Gauntlet | Found a transporter.
 10857 | Gauntlet | Noticed a thrashing horror
 10858 | Gauntlet | Found a transporter.
 10885 | Gauntlet | Noticed a sixfirhy
 10903 | Gauntlet | Found a transporter.
 10913 | Gauntlet | Found a transporter.
 10955 | Gauntlet | Noticed an oklob plant
 10958 | Gauntlet | Found a transporter.
 10972 | Gauntlet | Found a transporter.
 10990 | Gauntlet | Found a transporter.
 11001 | Gauntlet | Found a transporter.
 11009 | Gauntlet | Found a transporter.
 11066 | Gauntlet | Killed a sixfirhy
 11202 | Gauntlet | Reached skill level 5 in Throwing
 11213 | Gauntlet | Killed an oklob plant
 11213 | Gauntlet | Reached skill level 5 in Armour
 11213 | Gauntlet | Reached skill level 5 in Invocations
 12459 | Gauntlet | Reached skill level 16 in Polearms
 12473 | Gauntlet | Got a clouded diamond amulet
 12474 | Gauntlet | Identified the amulet "Ruasehu" {Acrobat rPois} (You found
                  | it in a Gauntlet)
 12557 | Gauntlet | HP: 4/89 [small abomination (15)]
 12926 | Gauntlet | Noticed a minotaur
 12946 | Gauntlet | Mangled by a minotaur

Skill      XL: |  1  2  3  4  5  6  7  8  9 10 11 |
---------------+----------------------------------+-----
Polearms       | 5 6 7 8 9 12 13 14 15 16 | 16.0
Fighting       | 3 4 6 7 8 9 |  9.2
Armour         | 2 4 5 |  5.1
Invocations    | 2 4 5 |  5.1
Dodging        | 5 6 7 |  7.5
Throwing       | 3 4 5 |  5.1
Evocations     | 2 |  2.0

Action                   |  1- 3 |  4- 6 |  7- 9 | 10-12 || total
-------------------------+-------+-------+-------+-------++-------
Melee: Trident           |   112 |   224 |   240 |       ||   576
       Halberd           |       |       |   116 |   448 ||   564
       Tailslap          |       |       |       |     1 ||     1
Throw: Stone             |     1 |     7 |     5 |       ||    13
       Tomahawk          |       |       |     3 |     3 ||     6
Invok: Heroism           |       |       |     1 |     4 ||     5
       Finesse           |       |       |       |     4 ||     4
  Use: Scroll            |       |     2 |     8 |    10 ||    20
       Potion            |       |       |     4 |     3 ||     7
 Stab: Sleeping          |     3 |       |       |       ||     3
       Distracted        |     1 |       |       |       ||     1
  Eat: Chunk             |     1 |     4 |    30 |    41 ||    76
Armor: Leather armour    |    18 |    30 |       |       ||    48
       Scale mail        |       |    69 |    97 |    97 ||   263
       Plate armour      |       |       |       |   108 ||   108
       Skin              |       |       |       |     4 ||     4
Dodge: Dodged            |    61 |   131 |   147 |   189 ||   528
